Map: Eternal Empire LE

Players

llllllllllll (Trap)

  • Race: Protoss Protoss
  • League: Master
  • Spawn Location: 1:00

DPGPartinG (PartinG) - Winner!

  • Race: Protoss Protoss
  • League: Grandmaster
  • Spawn Location: 7:00

VOD

Have the link to the VOD?

Description

Time

  • Played on: Jan. 16, 2020, 8:57 a.m.
  • Length: 5:48
Show
View Real Time Build Order
Export as new Build Order

llllllllllll Protoss 

Build Orders:  

Get SALT Encoding   

  12  0:00  Probe  
  13  0:12  Probe  
  14  0:17  Pylon  
  14  0:24  Probe (Chrono Boost)  
  15  0:36  Probe (Chrono Boost), Gateway  
  16  0:44  Probe (Chrono Boost)  
  16  0:46  Assimilator  
  17  0:50  Probe  
  17  0:54  Assimilator  
  18  1:03  Probe (Chrono Boost)  
  19  1:07  Gateway  
  19  1:12  Probe (Chrono Boost)  
  19  1:17  Probe (Chrono Boost)  
  20  1:23  Cybernetics Core  
  21  1:29  Probe  
  22  1:34  Pylon  
  22  1:41  Probe  
  23  1:53  Probe  
  24  1:59  Warp Gate (Chrono Boost), Stalker x2  
  28  2:12  Pylon  
  28  2:29  Stalker  
  30  2:30  Stalker  
  32  2:43  Robotics Facility  
  32  2:48  Gateway  
  32  3:00  Stalker  
  32  3:03  Stalker  
  36  3:11  Shield Battery  
  36  3:22  Pylon  
  36  3:27  Warp Prism (Chrono Boost)  
  38  3:48  Stalker x2  
  42  3:53  Stalker  
  44  4:00  Pylon  
  43  4:16  Robotics Bay  
  43  4:22  Adept, Sentry  
  47  4:25  Adept  
  47  4:29  Probe  
  50  4:52  Sentry  
  52  4:58  Stalker  
  44  5:12  Disruptor  
  39  5:25  Nexus  
  39  5:30  Probe  
Show
View Real Time Build Order
Export as new Build Order

DPGPartinG Protoss - Winner!

Build Orders:  

Get SALT Encoding   

  12  0:00  Probe  
  13  0:12  Probe  
  14  0:19  Pylon  
  14  0:25  Probe (Chrono Boost)  
  15  0:37  Probe (Chrono Boost)  
  15  0:38  Gateway  
  16  0:46  Probe (Chrono Boost), Assimilator  
  17  0:51  Probe (Chrono Boost)  
  17  0:54  Assimilator  
  18  1:03  Probe (Chrono Boost)  
  19  1:07  Gateway  
  19  1:12  Probe (Chrono Boost)  
  19  1:18  Probe  
  20  1:25  Cybernetics Core  
  21  1:30  Probe  
  22  1:34  Pylon  
  22  1:42  Probe  
  23  1:51  Pylon  
  23  1:58  Warp Gate (Chrono Boost)  
  23  2:01  Stalker  
  23  2:02  Sentry  
  23  2:03  Probe  
  28  2:31  Nexus  
  28  2:32  Sentry  
  30  2:43  Robotics Facility  
  29  2:45  Probe  
  30  2:53  Stalker  
  30  2:57  Probe  
  33  3:04  Shield Battery  
  33  3:09  Pylon  
  33  3:28  Immortal (Chrono Boost)  
  33  3:29  Shield Battery  
  37  3:39  Stalker  
  39  3:47  Stalker  
  41  4:02  Warp Prism (Chrono Boost)  
  43  4:09  Sentry  
  45  4:10  Sentry  
  45  4:11  Probe  
  45  4:16  Probe  
  49  4:26  Pylon  
  49  4:28  Observer (Chrono Boost)  
  50  4:35  Stalker x2  
  50  4:55  Immortal  
  48  5:04  Stalker  
  48  5:06  Observer  
  48  5:07  Probe  
  44  5:28  Stalker  
  46  5:32  Probe  
  46  5:35  Probe  
  48  5:44  Stalker  
Tags
 
Add a new tag
Caveats
  • Supply blocks, unpowered buildings, or Contaminate may cause inaccurate times.
  • Supply counts are checked every 10 seconds.